 Dungeon Crawl Stone Soup version 0.30.1-4-g462c640d31 (webtiles) character file.

Game seed: 4804688170028223566

1820 Heoruswealwe the Thaumaturge (level 8, -2/36 (41) HPs)
             Began as a Deep Elf Conjurer on Aug 10, 2023.
             Slain by an unseen horror zombie (3 damage)
             ... while petrified by Atelerd's ghost
             ... on level 7 of the Dungeon.
             The game lasted 00:59:04 (4903 turns).

Heoruswealwe the Thaumaturge (Deep Elf Conjurer)    Turns: 4903, Time: 00:59:04

HP:   -2/36 (41)    AC:  6    Str:  4    XL:     8   Next: 85%
MP:   14/25         EV:  2    Int: 26    God:
Gold: 48            SH:  0    Dex: 13    Spells: 3/29 levels left

rFire   . . .        (no weapon)
rCold   . . .        (no shield)
rNeg    + + +        c - +0 steam dragon scales
rPois   ∞            g - +0 helmet
rElec   .            (no cloak)
rCorr   .            (no gloves)
SInv    +            (no boots)
Will    .....        i - amulet of magic regeneration
Stlth   ++           k - ring of see invisible
HPRegen 0.26/turn    j - ring of wizardry
MPRegen 0.59/turn

%: wizardry (x1)
@: brilliant, lethally poisoned (-2 -> -2), petrified, heavily drained
A: no striking features
a: no special abilities


You were on level 7 of the Dungeon.
You visited 1 branch of the dungeon, and saw 7 of its levels.

You collected 400 gold pieces.
You spent 352 gold pieces at shops.

Inventory:

Hand Weapons
 b - a +0 war axe
Armour
 c - +0 steam dragon scales (worn)
 g - a +0 helmet (worn)
Magical Staves
 m - a staff of death
 n - a staff of fire
 q - a staff of earth
Jewellery
 i - an amulet of magic regeneration (around neck)
 j - a ring of wizardry (right hand)
 k - a ring of see invisible (left hand)
Wands
 s - a wand of polymorph (5)
 t - a wand of roots (9)
 I - a wand of mindburst (17)
 N - a wand of paralysis (4)
Scrolls
 a - a scroll of fear
 d - a scroll of butterflies
 e - 3 scrolls of teleportation
 w - a scroll of amnesia
 A - a scroll of poison
 D - a scroll of magic mapping
 H - a scroll of brand weapon {unknown}
 L - a scroll of silence {unknown}
 M - a scroll of enchant weapon {unknown}
Potions
 f - a potion of mutation
 l - a potion of flight
 o - a potion of cancellation {unknown}
 p - 2 potions of brilliance
 r - 5 potions of curing
 x - a potion of invisibility {unknown}
 K - a potion of might {unknown}


   Skills:
 - Level 2.4 Dodging
 - Level 2.4 Stealth
 + Level 11.0 Spellcasting
 + Level 10.0 Conjurations


You had 3 spell levels left.
You knew the following spells:

 Your Spells              Type           Power      Damage    Failure   Level
a - Magic Dart            Conj           100%       1d8       1%          1
b - Searing Ray           Conj           100%       2d8       1%          2
c - Dazzling Flash        Conj/Hex       100%       N/A       1%          3
d - Fulminant Prism       Conj/Hex       28%        3d14      2%          4
e - Iskenderun's Mystic   Conj/Tloc      57%        2d12      2%          4
f - Conjure Ball Lightni  Conj/Air       28%        3x3d8     32%         6
g - Iron Shot             Conj/Erth      28%        9d6       32%         6

Your spell library contained the following spells:

 Spells                   Type           Power      Damage    Failure   Level
 Beastly Appendage        Tmut           42%        N/A       1%          1
 Sting                    Tmut/Pois      84%        1d7       1%          1
 Poisonous Vapours        Pois/Air       42%        N/A       2%          2
 Wereblood                Tmut           21%        N/A       2%          2
 Ignite Poison            Fire/Tmut/Pois 21%        N/A       4%          3
 Portal Projectile        Hex/Tloc       42%        N/A       4%          3
 Spider Form              Tmut/Pois      21%        N/A       4%          3
 Tukima's Dance           Hex            21%        N/A       4%          3
 Volatile Blastmotes      Fire/Tloc      42%        2d13      4%          3
 Olgreb's Toxic Radiance  Pois           21%        N/A       16%         4
 Blade Hands              Tmut           10%        N/A       41%         5
 Lee's Rapid Deconstruct  Erth           10%        3d8*      41%         5
 Eringya's Noxious Bog    Tmut/Pois      10%        N/A       91%         6


Dungeon Overview and Level Annotations

Branches:
Dungeon (7/15)
 Temple: D:4-7

Altars:
Elyvilon
Fedhas
Kikubaaqudgha
Makhleb
Qazlal
Sif Muna

Shops:
D:6 *   D:7 :

Annotations:
D:7 Atelerd's ghost, novice OpEE


Message History

The unseen horror zombie hits you.
The spectral unseen horror hits you but does no damage.
The unseen horror zombie hits you.
The spectral unseen horror barely misses you.
Atelerd's ghost hits you but does no damage.
You are poisoned.
Your limbs are stiffening.
You feel better. The spectral unseen horror hits you.
The unseen horror zombie hits you but does no damage.
The spectral unseen horror completely misses you.
The unseen horror zombie hits you but does no damage.
The spectral unseen horror hits you but does no damage.
The unseen horror zombie hits you but does no damage.
The spectral unseen horror hits you.
You feel drained. The unseen horror zombie hits you. Atelerd's ghost hits you.
You are poisoned.
The unseen horror zombie hits you but does no damage.
The spectral unseen horror hits you!
You feel drained.
You have turned to stone.
The spectral unseen horror hits you.
The unseen horror zombie hits you but does no damage.
The spectral unseen horror hits you but does no damage.
Atelerd's ghost stares at you and mumbles some strange words.
The blast of sand hits you!
* * * LOW HITPOINT WARNING * * *
The unseen horror zombie hits you but does no damage.
The spectral unseen horror barely misses you.
The unseen horror zombie hits you but does no damage.
The spectral unseen horror barely misses you.
The unseen horror zombie hits you but does no damage.
The spectral unseen horror hits you.
* * * LOW HITPOINT WARNING * * *
Atelerd's ghost stares at you and mumbles some strange words.
The blast of sand hits you!
* * * LOW HITPOINT WARNING * * *
The unseen horror zombie hits you.
* * * LOW HITPOINT WARNING * * *
The spectral unseen horror hits you but does no damage.
The unseen horror zombie hits you.
You die...

#..###.# #..#.#
###.### #...).<#
##....# #.# ##.#####
#.....##########.#
#...######
##...............#
#.#..)...# #
###..############
#...###..#.#.#.#...#
##### #.<#.....#...#
#..##"...W...#
####.[...Z@..#
##....Z..##
#.....#..#
#.#.#.#### #######


You could see a spectral unseen horror, Atelerd's ghost and an unseen horror
zombie.

Vanquished Creatures
  A steam dragon (D:7)
  Eustachio (D:4)
  2 water moccasins (D:6)
  An orc warrior (D:7)
  A black bear (D:4)
  A centaur (D:6)
  3 phantoms
  A scorpion (D:5)
  A spectral centaur (D:7)
  2 hounds (D:5)
  A gnoll bouda (D:7)
  4 orc priests
  2 sleepcaps
  Jessica (D:2)
  5 orc wizards
  3 iguanas
  10 gnolls
  5 adders
  A shadow imp (D:6)
  2 worms
  3 dart slugs
  27 orcs
  6 ball pythons
  5 bats
  6 endoplasms
  4 giant cockroaches
  6 hobgoblins
  2 frilled lizards
  6 goblins
  5 kobolds
  6 rats
124 creatures vanquished.

Notes
Turn   | Place    | Note
-------+----------+-------------------------------------------
     0 | D:1      | Heoruswealwe the Deep Elf Conjurer began the quest for the
                  | Orb.
     0 | D:1      | Reached XP level 1. HP: 10/10 MP: 6/6
   109 | D:1      | Found a faded altar of an unknown god.
   204 | D:1      | Reached XP level 2. HP: 15/15 MP: 3/8
   207 | D:1      | Learned a level 2 spell: Searing Ray
   472 | D:2      | Noticed Jessica
   477 | D:2      | Killed Jessica
   478 | D:2      | Reached skill level 4 in Spellcasting
   478 | D:2      | Reached skill level 5 in Conjurations
   478 | D:2      | Reached XP level 3. HP: 19/19 MP: 3/10
   549 | D:2      | Reached XP level 4. HP: 17/24 MP: 3/12
   553 | D:2      | Learned a level 3 spell: Dazzling Flash
   558 | D:2      | Learned a level 4 spell: Fulminant Prism
   776 | D:2      | Reached skill level 5 in Spellcasting
   862 | D:2      | Got the Grimoire of Contaminated Energy
  1264 | D:3      | Reached XP level 5. HP: 14/28 MP: 9/15
  1269 | D:3      | Learned a level 4 spell: Iskenderun's Mystic Blast
  1756 | D:2      | You fall into a shaft and drop 2 floors!
  1780 | D:4      | Reached skill level 6 in Spellcasting
  1814 | D:4      | Noticed a phantom
  1830 | D:4      | Killed a phantom
  1831 | D:4      | Reached XP level 6. HP: 24/32 MP: 8/17
  1855 | D:4      | Reached skill level 7 in Spellcasting
  1947 | D:4      | Reached XP level 7. HP: 36/36 MP: 7/19
  2028 | D:4      | Learned a level 6 spell: Conjure Ball Lightning
  2424 | D:4      | Noticed Eustachio
  2433 | D:4      | Killed Eustachio
  2434 | D:4      | Reached skill level 8 in Spellcasting
  2527 | D:5      | Entered Level 5 of the Dungeon
  2568 | D:5      | Found a blossoming altar of Fedhas.
  3703 | D:6      | Found a stormy altar of Qazlal.
  3737 | D:6      | Reached skill level 9 in Spellcasting
  3784 | D:6      | Found Ynenima's Serpentskin Sales.
  3789 | D:6      | Reached XP level 8. HP: 40/41 MP: 14/23
  3796 | D:6      | Learned a level 6 spell: Iron Shot
  3829 | D:6      | Bought the Essays on the Snake for 308 gold pieces
  3829 | D:6      | Bought a scroll of poison for 44 gold pieces
  4261 | D:6      | Reached skill level 10 in Spellcasting
  4318 | D:6      | Found a shimmering blue altar of Sif Muna.
  4371 | D:6      | Found an ancient bone altar of Kikubaaqudgha.
  4372 | D:6      | Found a burning altar of Makhleb.
  4376 | D:6      | Found a white marble altar of Elyvilon.
  4652 | D:7      | Found a runed translucent gate.
  4652 | D:7      | Found a runed translucent gate.
  4652 | D:7      | Found a runed translucent gate.
  4653 | D:7      | Noticed Atelerd's ghost (novice OpEE)
  4660 | D:7      | Noticed a spectral unseen horror
  4692 | D:7      | Found Lacarr's Self-Improvement Boutique.
  4896 | D:7      | Reached skill level 11 in Spellcasting
  4896 | D:7      | Reached skill level 10 in Conjurations
  4902 | D:7      | HP: 1/36 [unseen horror zombie (1)]
  4903 | D:7      | Slain by an unseen horror zombie

Illustrated notes

Levels and vault maps discovered:
D:1:      giann_forest_graveyard, layout_basic,
          hellmonk_ecumenical_altar_lost_god
D:2:      layout_basic, serial_curves, eino_curves_02, eino_curves_04,
          hangedman_glass_teeth, uniq_jessica
D:3:      minmay_angry_zag, layout_basic, corner_web_ring
D:4:      layout_gridville, minmay_misc_feat_alley, uniq_eustachio
D:5:      layout_loops_ring, mainiacjoe_overflow_chevrons,
          serial_co_window_serial, co_window_corner_a, co_window_corner_a,
          co_window_corner_a, co_window_paths_a, co_window_of_opportunity_a,
          co_window_of_opportunity_b, co_window_corner_ca,
          co_window_of_opportunity_b, co_window_broadway_b,
          co_window_broadway_a, co_window_4corner_b, co_window_4corner_a,
          glass_columns_b, glass_columns_a, glass_columns_b, glass_columns_c
D:6:      layout_loops_cross, lemuel_round_altar, minitemple,
          guppyfry_shop_venom
D:7:      layout_loops_corners, minmay_temple_entry_poolview,
          gammafunk_ghost_necromancy, small_statue_intersection,
          nicolae_shop_self_help

Skill      XL: |  1  2  3  4  5  6  7  8 |
---------------+-------------------------+-----
Spellcasting   | 4 5 6 7 9 11 | 11.0
Conjurations   | 5 6 7 8 10 | 10.0
Dodging        | |  2.4
Stealth        | |  2.4

Action                     |  1- 3 |  4- 6 |  7- 9 || total
---------------------------+-------+-------+-------++-------
   Cast: Magic Dart        |    32 |   104 |    73 ||   209
         Searing Ray       |     2 |     9 |    19 ||    30
         Iskenderun's Myst |       |       |    19 ||    19
    Use: Scroll            |       |     6 |     4 ||    10
         Potion            |       |     1 |     3 ||     4
 Armour: Robe              |       |     2 |       ||     2
         Steam dragon scal |       |       |    19 ||    19
  Dodge: Dodged            |     1 |     9 |    22 ||    32
